 Dungeon Crawl Stone Soup version 0.21-a0-348-ga060c75 (webtiles) character file.

128 Hasart the Cudgeler (level 4, 0/35 HPs)
             Began as a Mummy Fighter on Oct 6, 2017.
             Killed by divine providence
             ... invoked by an orc priest
              (14 damage)
             ... on level 3 of the Dungeon.
             The game lasted 00:02:54 (2624 turns).

Hasart the Cudgeler (Mummy Fighter)                 Turns: 2624, Time: 00:02:55

Health: 0/35       AC:  7    Str: 20    XL:     4   Next: 86%
Magic:  4/4        EV:  7    Int:  7    God:
Gold:   94         SH:  8    Dex: 11    Spells: 3/3 levels left

rFire    x . .     SeeInvis .   a - +0 flail
rCold    + . .     Gourm    .   c - +0 shield
rNeg     + + +     Faith    .   b - +0 scale mail
rPois    ∞         Spirit   .   g - +0 helmet
rElec    .         Reflect  .   (no cloak)
rCorr    +         Harm     .   (no gloves)
MR       .....                  (no boots)
Stlth    ..........             (no amulet)
HPRegen  0.11/turn              h - ring of resist corrosion
MPRegen  0.09/turn              (no ring)

@: no status effects
A: no food or potions, fire vulnerability, cold resistance 1, negative energy
resistance 3, torment resistance, unbreathing
a: no special abilities


You were on level 3 of the Dungeon.
You were not hungry.

You visited 1 branch of the dungeon, and saw 3 of its levels.

You collected 94 gold pieces.

Inventory:

Hand Weapons
 a - a +0 flail (weapon)
Armour
 b - a +0 scale mail (worn)
 c - a +0 shield (worn)
 g - a +0 helmet (worn)
Jewellery
 h - a ring of resist corrosion (left hand)
Scrolls
 d - a scroll of identify
 e - 3 scrolls of teleportation
 f - a scroll of enchant armour {unknown}


   Skills:
 - Level 3.0 Fighting
 + Level 4.2 Maces & Flails
 - Level 2.4 Armour
 - Level 2.4 Shields


You had 3 spell levels left.
You didn't know any spells.

Dungeon Overview and Level Annotations

Branches:
Dungeon (3/15)

Altars:
Hepliaklqana
Ru


Innate Abilities, Weirdness & Mutations

You do not eat or drink.
Your flesh is vulnerable to fire.
You are immune to poison.
Your flesh is cold resistant. (rC+)
You are immune to negative energy. (rN+++)
You are immune to unholy pain and torment.
You can survive without breathing.


Message History

a tomahawk; a club; a short sword; an orc corpse You block the orc's attack.
You thump the orc!
You kill the orc!
The orc wizard hits you with a dagger.
You hit the orc wizard.
The orc wizard is moderately wounded.
You block the orc wizard's attack.
The orc priest invokes the aid of Beogh against you.
Beogh smites you!
The orc wizard hits you but does no damage.
You sock the orc wizard!
The orc wizard is severely wounded.
The orc wizard casts a spell at you. The magic dart hits you!
The orc wizard gestures wildly while chanting.
The orc wizard blinks!
The orc priest invokes the aid of Beogh against you.
Beogh smites you!
You die...

## .. .# # ##.##.
#.... . ##### #..# .#
...o..#####..####..
#.o§@(..........
##.#####†##.##.# #
#.......# # #.##.##.#
# #.# # # #########.#
..# # #.........#
..######
#......#..####......(.
#....##.##...... .....


You could see an orc priest and an orc wizard.

Vanquished Creatures
  Jessica (D:2)
  Terence (D:2)
  An adder (D:2)
  3 worms (D:2)
  4 dart slugs
  3 orcs (D:3)
  8 bats
  2 giant cockroaches
  6 goblins
  4 hobgoblins
  5 jackals
  2 frilled lizards
  7 kobolds
  A rat (D:2)
48 creatures vanquished.

Notes
Turn   | Place    | Note
-------+----------+-------------------------------------------
     0 | D:1      | Hasart the Mummy Fighter began the quest for the Orb.
     0 | D:1      | Reached XP level 1. HP: 18/18 MP: 1/1
   233 | D:1      | Reached skill level 2 in Maces & Flails
   509 | D:1      | Reached XP level 2. HP: 24/24 MP: 2/2
  1174 | D:2      | Reached skill level 3 in Maces & Flails
  1174 | D:2      | Reached XP level 3. HP: 16/29 MP: 3/3
  1455 | D:2      | Noticed Jessica
  1467 | D:2      | Killed Jessica
  1467 | D:2      | Reached XP level 4. HP: 35/35 MP: 4/4
  1712 | D:2      | Found a hazy altar of Hepliaklqana.
  1998 | D:2      | Noticed Terence
  2026 | D:2      | Killed Terence
  2026 | D:2      | Reached skill level 4 in Maces & Flails
  2502 | D:3      | Found a sacrificial altar of Ru.
  2624 | D:3      | Killed from afar by an orc priest

Vault maps used:
D:1:      dpeg_arrival_orchard
D:2:      marbit_many_paths, minmay_misc_feat_ornament, uniq_jessica,
          uniq_terence
D:3:      grunt_decor_one_mirror, nicolae_ru_the_path_less_chosen

Skill      XL: |  1  2  3  4 |
---------------+-------------+-----
Maces & Flails | 2 3 4 |  4.2
Fighting       | |  3.0
Armour         | |  2.4
Shields        | |  2.4

Action                   |  1- 3 |  4- 6 || total
-------------------------+-------+-------++-------
Melee: Flail             |   118 |   111 ||   229
  Use: Scroll            |       |     2 ||     2
Armor: Scale mail        |    59 |    49 ||   108
Dodge: Dodged            |    43 |    26 ||    69
Block: Shield            |    50 |    51 ||   101

Table legend:
 A = Spawn XP
 B = Non-spawn XP
 C = Spawn XP percentage of total XP
 D = Spawn monster count
 E = Non-spawn monster count
 F = Spawn count percentage of total count
 G = Total turns spent on level
                    A         B        C        D         E        F      G
               +---------+---------+-------+---------+---------+-------+---------
         Total |       0 |     183 |   0.0 |       0 |      48 |   0.0 |  2624
               +---------+---------+-------+---------+---------+-------+---------
           D:1 |       0 |      31 |   0.0 |       0 |      15 |   0.0 |  1060
           D:2 |       0 |     130 |   0.0 |       0 |      23 |   0.0 |  1260
           D:3 |       0 |      22 |   0.0 |       0 |      10 |   0.0 |   304
               +---------+---------+-------+---------+---------+-------+---------
